 Dungeon Crawl Stone Soup version 0.19-a0-1049-g462a813 (webtiles) character file.

27 4thArraOfDagon the Ruffian (level 2, 0/29 HPs)
             Began as a Troll Abyssal Knight on July 31, 2016.
             Was a Follower of Lugonu.
             Slain by Crazy Yiuf
             ... wielding a +4 quarterstaff of chaos
              (11 damage)
             ... on level 2 of the Dungeon.
             The game lasted 00:01:40 (320 turns).

4thArraOfDagon the Ruffian (Troll Abyssal Knight)    Turns: 320, Time: 00:01:41

Health: 0/29       AC:  5    Str: 19    XL:     2   Next: 93%
Magic:  2/2        EV: 10    Int:  8    God:    Lugonu [*.....]
Gold:   69         SH:  0    Dex:  9    Spells: 0 memorised, 1 level left

rFire  . . .     SeeInvis .       - Unarmed
rCold  . . .     Gourm    +     a - +0 robe
rNeg   . . .     Faith    .     (no shield)
rPois  .         Spirit   .     (helmet restricted)
rElec  .         Dismiss  .     (no cloak)
rCorr  .         Reflect  .     (gloves unavailable)
SustAt .         Harm     .     (boots unavailable)
MR     .....                    (no amulet)
Stlth  +.........               (no ring)
                                (no ring)

@: not resistant to hostile enchantments, very unstealthy
A: unfitting armour, claws 3, fast metabolism 3, gourmand, regeneration 2,
shaggy fur 1, tough skin 2
a: Depart the Abyss, Renounce Religion


You were on level 2 of the Dungeon.
You worshipped Lugonu.
Lugonu was aware of your devotion.
You were not hungry.

You visited 1 branch of the dungeon, and saw 3 of its levels.
You visited the Abyss 1 time.

You collected 69 gold pieces.

Inventory:

Armour
 a - a +0 robe (worn)
Scrolls
 c - 2 scrolls of recharging {unknown}
 d - a scroll of random uselessness {unknown}
 e - a scroll of teleportation {unknown}
 h - a scroll of noise {unknown}
Potions
 f - a potion of degeneration {unknown}
 g - 2 potions of agility {unknown}
Comestibles
 b - 2 bread rations


   Skills:
 - Level 2.4 Fighting
 - Level 1.9 Dodging
 * Level 3.1 Unarmed Combat
 + Level 2.0 Invocations


You had one spell level left.
You didn't know any spells.

Dungeon Overview and Level Annotations

Branches:
Dungeon (3/15)

Altars:
Pakellas

Annotations:
D:2 Crazy Yiuf


Innate Abilities, Weirdness & Mutations

You are too large for most types of armour.
You have claws for hands.
Your metabolism is lightning-fast.
You like to eat raw meat.
You heal very quickly.
You are covered in fur. (AC +1)
You have very tough skin. (AC +2)


Message History

You see here a mace.
You see here a mace.
You see here a mace.
You open the door.
Crazy Yiuf the Enlightened comes into view.
He is wielding a quarterstaff of chaos.
Found eight maces.
Unknown command.
You claw Crazy Yiuf!
Crazy Yiuf is heavily wounded.
Crazy Yiuf grits, "Spliff!"
Crazy Yiuf hits you with a quarterstaff of chaos.
Crazy Yiuf freezes you.
You scratch Crazy Yiuf.
Crazy Yiuf is severely wounded.
Crazy Yiuf hits you with a quarterstaff of chaos!
Crazy Yiuf burns you.
You barely miss Crazy Yiuf.
Crazy Yiuf is severely wounded.
Crazy Yiuf hits you with a quarterstaff of chaos!
You die...

###....####$.#
#+..+# ♣....♣
♣)..♣♣ ♣♣)♣♣
♣)♣♣ ♣♣)♣ ♣)♣♣
♣♣@♣ #g# )))
#)))# #).)#
#####


You could see Crazy Yiuf.

Vanquished Creatures
  Robin (D:2)
  An ooze (D:2)
  A worm (D:2)
  2 goblins (D:2)
  A hobgoblin (D:2)
  A kobold (D:2)
  2 bats
  2 giant newts (D:1)
11 creatures vanquished.

Notes
Turn   | Place    | Note
-------+----------+-------------------------------------------
     0 | Abyss:1  | 4thArraOfDagon the Troll Abyssal Knight began the quest for the Orb.
     0 | Abyss:1  | Reached XP level 1. HP: 22/22 MP: 1/1
    76 | Abyss:1  | Noticed a red draconian
    85 | Abyss:1  | Noticed a chaos spawn
    96 | Abyss:1  | Noticed a balrug
    97 | D:1      | Escaped the Abyss
   165 | D:2      | Reached XP level 2. HP: 25/29 MP: 2/2
   209 | D:2      | Reached * piety under Lugonu
   214 | D:2      | Found an oddly glowing altar of Pakellas.
   223 | D:3      | Noticed Robin
   229 | D:2      | Killed Robin
   229 | D:2      | Reached skill level 3 in Unarmed Combat
   312 | D:2      | Found a runed door.
   316 | D:2      | Noticed Crazy Yiuf
   320 | D:2      | Slain by Crazy Yiuf

Vault maps used:
D:1:      mrwooster_arrival_statue
D:2:      lemuel_doored_altar, first_bread, uniq_terence,
          uniq_crazy_yiuf_cottage
D:3:      old_standard_altar, uniq_natasha, uniq_grinder, uniq_robin

Skill      XL: |  1  2 |
---------------+-------+-----
Unarmed Combat | 3 |  3.1
Invocations    | 2 |  2.0
Fighting       | |  2.4
Dodging        | |  1.9

Action                   || total
-------------------------++-------
Melee: Unarmed           ||    32
Invok: Depart the Abyss  ||     1
  Use: Scroll            ||     1
  Eat: Chunk             ||     1
Armor: Robe              ||    11
Dodge: Dodged            ||    22
